 Dungeon Sprint DCSS version 0.28-a0-895-g6e5f11bd55 (webtiles) character file.

Game seed: 18205778527522941471

284 Turgor the Fighter (level 6, -3/62 HPs)
             Began as a Minotaur Berserker on Nov 22, 2021.
             Was a Believer of Trog.
             Slain by a slime creature (13 damage)
             ... in the Dungeon (Sprint I: "Red Sonja").
             The game lasted 00:01:53 (357 turns).

Turgor the Fighter (Minotaur Berserker)              Turns: 357, Time: 00:01:53

Health: -3/62      AC:  7    Str: 22    XL:     6   Next: 7%
Magic:  5/5        EV: 13    Int:  6    God:    Trog [**....]
Gold:   171        SH:  0    Dex:  9    Spells: 5/5 levels left

rFire   . . .      SeeInvis .   a - +0 hand axe
rCold   . . .      Faith    .   (no shield)
rNeg    . . .      Spirit   .   j - +3 leather armour
rPois   .          Reflect  .   (helmet restricted)
rElec   .          Harm     .   (no cloak)
rCorr   .          Rampage  .   (no gloves)
Will    .....      NoTele   +   (no boots)
Stlth   +.........              (no amulet)
HPRegen 0.20/turn               (no ring)
MPRegen 0.09/turn               (no ring)

@: on berserk cooldown, slowed, very slow
A: horns 2, retaliatory headbutt
a: Renounce Religion, Berserk, Trog's Hand


You were in the Dungeon.
You worshipped Trog.
Trog was pleased with you.
You visited 1 branch You collected 171 gold pieces.

Inventory:

Hand Weapons
 a - a +0 hand axe (weapon)
Armour
 j - a +3 leather armour (worn)
Wands
 i - a wand of flame (17)
Scrolls
 h - a scroll of blinking
Potions
 c - a potion of curing
 d - a potion of heal wounds
 e - a potion of haste
 f - 2 potions of magic
 g - a potion of berserk rage


   Skills:
 + Level 8.4 Fighting
 + Level 8.4 Axes
 + Level 8.0 Armour
 + Level 7.2 Dodging


You had 5 spell levels left.
You didn't know any spells.
Your spell library was empty.

Dungeon Overview and Level Annotations

Branches:
Dungeon (1/1)

Altars:
Makhleb
Sif Muna
Vehumet
Wu Jian
Xom
Jiyva
Lugonu


Innate Abilities, Weirdness & Mutations

You have a pair of horns on your head.
You reflexively headbutt those who attack you in melee.


Message History

The jelly closely misses you. You furiously retaliate!
You headbutt the jelly!!
You kill the jelly!
Trog accepts your kill.
Your Armour skill increases to level 8!
You have reached level 6!
Your experience leads to an increase in your attributes!
Increase (S)trength, (I)ntelligence, or (D)exterity?
You feel clever.
There is an open door here.
The door flies open with a bang!
You feel a strong urge to attack something.
A slime creature comes into view.
The slime creature quivers.
Found a viscous altar of Jiyva and a corrupted altar of Lugonu.
Found a burning altar of Makhleb and a shimmering altar of Xom.
There is an open door here.
You slash the slime creature!
The slime creature is moderately wounded.
The slime creature hits you!
You slash the slime creature! You headbutt the slime creature!!
The slime creature is severely wounded.
You slash the slime creature!
The slime creature is almost dead.
The slime creature hits you!
You barely miss the slime creature.
The slime creature is almost dead.
You are no longer berserk.
You are exhausted.
You feel yourself slow down.
You barely miss the slime creature.
The slime creature is almost dead.
The slime creature closely misses you. The slime creature hits you!!
You hit the slime creature.
The slime creature is almost dead.
The slime creature hits you!
* * * LOW HITPOINT WARNING * * *
You hit the slime creature. You headbutt the slime creature.
The slime creature is almost dead.
The slime creature hits you!
You die...

###################
#<.#..)..#.)'..#__#
#..[..#..'..#..@J.+
#..#####'#####'#__#
#..# #..# #.####
#..# #### #?# #..#
_.+ #⌠⌠# .._# ####
_.#+# ##+


You could see a slime creature.

Vanquished Creatures
  Sigmund (D)
  An ogre (D)
  A jelly (D)
  Ijyb (D)
4 creatures vanquished.

Notes
Turn   | Place    | Note
-------+----------+-------------------------------------------
     0 | D        | Turgor the Minotaur Berserker began the quest for the Orb.
     0 | D        | Reached XP level 1. HP: 19/19 MP: 0/0
     1 | D        | Noticed Ijyb
     9 | D        | Killed Ijyb
    10 | D        | Reached skill level 5 in Fighting
    10 | D        | Reached skill level 5 in Axes
    10 | D        | Reached XP level 2. HP: 10/29 MP: 1/1
   245 | D        | Noticed an ogre
   248 | D        | Killed an ogre
   249 | D        | Reached skill level 5 in Dodging
   249 | D        | Reached XP level 3. HP: 38/38 MP: 2/2
   249 | D        | Reached XP level 4. HP: 45/45 MP: 3/3
   287 | D        | Noticed Sigmund
   304 | D        | Killed Sigmund
   304 | D        | Reached ** piety under Trog
   305 | D        | Reached XP level 5. HP: 53/53 MP: 4/4
   341 | D        | Found an ornate altar of the Wu Jian Council.
   341 | D        | Found a shimmering blue altar of Sif Muna.
   343 | D        | Found a radiant altar of Vehumet.
   348 | D        | Reached XP level 6. HP: 62/62 MP: 5/5
   349 | D        | Found a viscous altar of Jiyva.
   349 | D        | Found a corrupted altar of Lugonu.
   349 | D        | Noticed a slime creature
   350 | D        | Found a burning altar of Makhleb.
   350 | D        | Found a shimmering altar of Xom.
   357 | D        | Slain by a slime creature

Illustrated notes

Levels and vault maps discovered:
D:        dungeon_sprint_1 [red_sonja_temple_1, red_sonja_temple_small_1]

Skill      XL: |  1  2  3  4  5 |
---------------+----------------+-----
Fighting       | 5 6 8 |  8.4
Axes           | 5 6 8 |  8.4
Armour         | 4 6 7 8 |  8.0
Dodging        | 3 5 7 |  7.2

Action                   |  1- 3 |  4- 6 || total
-------------------------+-------+-------++-------
Melee: Hand axe          |     9 |    23 ||    32
       Headbutt          |     2 |     3 ||     5
Invok: Berserk           |     2 |     2 ||     4
Armor: Leather armour    |       |     4 ||     4
Dodge: Dodged            |     2 |     2 ||     4

Table legend: (Time is in decaauts)
 A = Elapsed time spent in this place.
 B = Non-inter-level travel time spent in this place.
 C = Inter-level travel time spent in this place.
 D = Time resting spent in this place.
 E = Time spent auto-exploring this place.
 F = Levels seen in this place.
 G = Mean time per level.
                   A        B        C        D        E       F      G
               +--------+--------+--------+--------+--------+-----+--------+
         Total |    378 |    378 |      0 |    294 |      0 |   1 |  378.0 |
       Dungeon |    378 |    378 |      0 |    294 |      0 |   1 |  378.0 |
               +--------+--------+--------+--------+--------+-----+--------+

Top non-repeatable levels by time:
       D: 378 daAuts
